Map: Hardwire LE

Players

friedpork - Winner!

  • Race: Zerg Zerg
  • League: Master
  • Spawn Location: 1:00

Warthog

  • Race: Terran Terran
  • League: Master
  • Spawn Location: 7:00

VOD

Have the link to the VOD?

Description

Time

  • Played on: Jan. 4, 2022, 10:07 p.m.
  • Length: 19:37
Show
View Real Time Build Order
Export as new Build Order

friedpork Zerg - Winner!

Build Orders: Hatch First 

Get SALT Encoding   

  12  0:00  Drone  
  13  0:12  Overlord  
  13  0:16  Drone  
  14  0:30  Drone x2  
  16  0:48  Hatchery  
  15  0:51  Drone  
  15  0:55  Drone  
  17  0:57  Drone  
  18  1:09  Extractor  
  17  1:13  Spawning Pool  
  17  1:15  Drone  
  17  1:19  Drone  
  18  1:27  Drone  
  19  1:38  Drone  
  20  1:49  Overlord  
  20  2:00  Queen x2  
  20  2:01  Zergling x4  
  26  2:10  Drone  
  26  2:11  Drone  
  26  2:12  Metabolic Boost  
  28  2:21  Drone x2  
  30  2:36  Hatchery  
  29  2:37  Drone  
  29  2:42  Drone  
  29  2:43  Drone  
  32  2:49  Overlord  
  32  2:53  Queen  
  32  2:55  Drone  
  32  2:58  Drone  
  36  3:08  Drone x2  
  36  3:10  Overlord  
  36  3:11  Drone x2  
  40  3:17  Queen  
  40  3:19  Drone  
  43  3:20  Drone  
  44  3:32  Overlord  
  44  3:33  Queen, Drone  
  47  3:37  Drone, Overlord  
  48  3:41  Drone x2  
  48  3:42  Drone  
  51  3:52  Queen  
  52  3:58  Overlord  
  52  3:59  Drone x4  
  52  4:01  Drone  
  57  4:06  Drone x3  
  57  4:09  Zergling x4  
  62  4:15  Drone x3  
  65  4:23  Baneling Nest  
  64  4:25  Drone x3  
  67  4:34  Spore Crawler  
  67  4:35  Spore Crawler  
  67  4:36  Spore Crawler, Drone x3  
  67  4:37  Drone x3  
  70  4:41  Drone x3  
  70  4:43  Overlord  
  73  4:52  Overlord x3  
  70  4:54  Lair  
  70  4:56  Drone x2  
  70  4:57  Extractor  
  70  4:59  Drone x2  
  73  5:01  Overlord  
  73  5:04  Overlord  
  73  5:05  Drone x2  
  73  5:06  Drone  
  76  5:11  Drone x4  
  76  5:16  Drone  
  76  5:21  Drone x2  
  74  5:27  Drone  
  73  5:31  Drone x2, Evolution Chamber  
  73  5:32  Drone, Evolution Chamber  
  73  5:33  Extractor x2  
  73  5:35  Drone x2  
  74  5:36  Drone  
  74  5:37  Drone x2  
  74  5:38  Drone  
  74  5:42  Drone x2  
  80  5:48  Drone, Hatchery  
  80  5:56  Zergling x2  
  80  5:57  Zergling x8  
  83  6:01  Roach Warren, Zerg Missile Weapons Level 1, Zerg Melee Weapons Level 1  
  83  6:03  Zergling x4  
  83  6:04  Zergling x2  
  85  6:06  Drone, Extractor x2  
  85  6:08  Overseer  
  85  6:10  Zergling x4  
  86  6:17  Zergling x12  
  92  6:21  Centrifugal Hooks  
  92  6:22  Drone  
  93  6:27  Drone x2, Overlord  
  93  6:28  Drone  
  93  6:29  Drone  
  97  6:33  Drone x3  
  97  6:38  Drone  
  97  6:39  Drone  
  101  6:40  Glial Reconstitution  
  101  6:42  Drone  
  101  6:43  Infestation Pit  
  101  6:47  Baneling x3  
  101  6:48  Baneling x6  
  101  6:50  Drone x2  
  101  6:51  Overseer  
  103  6:55  Drone x4  
  103  6:57  Roach  
  109  7:11  Pneumatized Carapace  
  108  7:26  Drone  
  108  7:27  Drone x7  
  108  7:29  Pathogen Glands  
  116  7:41  Roach x5  
  116  7:42  Overlord x8  
  126  7:44  Hive  
  126  7:55  Drone  
  126  7:56  Overlord x2  
  127  7:59  Zerg Melee Weapons Level 2, Zerg Missile Weapons Level 2  
  127  8:01  Drone x5  
  132  8:17  Infestor  
  132  8:18  Infestor, Hatchery  
  132  8:19  Zergling x16  
  136  8:25  Roach x4  
  136  8:26  Neural Parasite  
  144  8:28  Baneling x5  
  144  8:39  Drone x7  
  151  8:44  Ravager x3  
  151  8:45  Overlord  
  151  8:46  Zergling x10  
  159  8:50  Queen  
  159  8:55  Infestor  
  163  9:04  Hatchery  
  163  9:05  Adrenal Glands  
  163  9:06  Zergling x12  
  163  9:09  Ravager  
  169  9:13  Hatchery  
  169  9:15  Overseer  
  168  9:17  Ravager  
  168  9:19  Spore Crawler  
  168  9:22  Spore Crawler, Extractor  
  168  9:23  Extractor  
  165  9:26  Drone x7  
  165  9:30  Overseer  
  172  9:34  Zergling x12  
  172  9:37  Ravager x4  
  167  9:58  Drone x8  
  167  9:59  Drone x2  
  150  10:10  Drone  
  150  10:11  Drone x5  
  149  10:17  Spire, Burrow  
  148  10:23  Spine Crawler  
  148  10:24  Spine Crawler  
  148  10:27  Drone x4  
  150  10:30  Spore Crawler, Drone  
  150  10:32  Zerg Missile Weapons Level 3, Zerg Melee Weapons Level 3, Spine Crawler  
  149  10:37  Hatchery  
  149  10:41  Drone x5  
  136  10:56  Drone x9  
  145  11:09  Zergling x16, Spire  
  145  11:10  Drone x3  
  155  11:14  Zergling x2, Extractor  
  155  11:15  Extractor  
  154  11:25  Spore Crawler, Infestor x3  
  153  11:26  Infestor x2  
  153  11:27  Spine Crawler  
  153  11:30  Zergling x10  
  167  11:38  Ravager  
  168  11:42  Greater Spire  
  168  11:45  Zergling x2  
  168  11:46  Zergling x14  
  163  11:55  Drone x5  
  163  11:56  Spine Crawler x2  
  163  11:58  Drone x4, Spine Crawler  
  163  11:59  Drone  
  169  12:05  Drone  
  169  12:07  Drone  
  171  12:13  Spore Crawler  
  171  12:14  Spine Crawler  
  171  12:15  Spore Crawler, Spine Crawler  
  168  12:17  Zergling x16, Spine Crawler  
  168  12:19  Spine Crawler  
  168  12:21  Zerg Flyer Weapons Level 1  
  170  12:42  Hatchery  
  170  12:43  Zergling x32  
  170  12:44  Zergling x2  
  183  12:53  Zergling x2  
  183  12:56  Corruptor  
  183  12:57  Corruptor x3  
  176  13:00  Drone  
  175  13:11  Spore Crawler  
  172  13:18  Corruptor  
  174  13:22  Queen  
  175  13:35  Brood Lord x4  
  180  13:44  Hatchery  
  169  13:53  Brood Lord  
  169  14:00  Corruptor x3  
  177  14:07  Zerg Flyer Armor Level 1  
  165  14:31  Brood Lord x3  
  165  14:35  Zergling x14  
  165  14:36  Zergling x20  
  188  14:39  Zerg Flyer Weapons Level 2  
  188  14:43  Infestor x8  
  176  15:02  Roach x12  
  183  15:38  Zergling x26  
  192  15:49  Hatchery, Ravager x9  
  198  16:00  Zerg Ground Armor Level 1  
  198  16:10  Baneling x24  
  198  16:13  Hatchery  
  198  16:18  Queen  
  174  16:36  Zergling x32  
  176  16:47  Infestor x6  
  176  16:48  Infestor  
  176  16:49  Roach x4  
  184  16:58  Roach x3  
  184  17:00  Extractor  
  189  17:06  Roach  
  139  17:34  Roach x12  
  135  17:45  Drone x4  
  135  17:46  Queen x4  
  147  17:53  Drone  
  147  17:54  Drone x2  
  147  17:56  Roach x4  
  149  18:06  Infestor x4  
  149  18:12  Roach  
  158  18:14  Ravager x8  
  166  18:20  Ravager x12  
  166  18:21  Roach x4  
  166  18:22  Roach  
  166  18:23  Overlord x2  
  166  18:26  Infestor  
  166  18:27  Infestor  
  188  18:29  Baneling x6  
  188  18:30  Baneling x7  
  187  18:41  Spore Crawler, Spine Crawler  
  187  18:43  Spine Crawler  
  187  18:44  Infestor  
  187  18:45  Infestor x2  
  174  19:03  Roach  
  174  19:05  Roach x4  
  174  19:06  Roach x4  
  155  19:10  Roach x2  
  155  19:14  Roach x2  
Show
View Real Time Build Order
Export as new Build Order

Warthog Terran 

Build Orders: Liberator Opening, Reaper Expand, Mech 

Get SALT Encoding   

  12  0:00  SCV  
  13  0:12  SCV  
  14  0:16  Supply Depot  
  14  0:24  SCV  
  15  0:38  SCV  
  15  0:40  Barracks  
  16  0:44  Refinery  
  16  0:50  SCV  
  17  1:02  SCV  
  18  1:14  SCV  
  19  1:27  Orbital Command  
  19  1:28  Reaper  
  20  1:39  Command Center  
  20  1:54  SCV  
  20  2:00  Marine  
  22  2:06  SCV  
  22  2:08  Supply Depot, Factory  
  23  2:13  Refinery  
  23  2:21  Barracks Reactor  
  23  2:29  SCV  
  24  2:41  SCV  
  25  2:54  SCV, Starport  
  25  2:56  Orbital Command  
  26  3:05  Hellion x2  
  30  3:06  SCV, Barracks Tech Lab  
  31  3:20  SCV  
  31  3:26  Hellion x2  
  36  3:32  SCV  
  36  3:33  Liberator  
  40  3:36  SCV  
  40  3:41  Supply Depot  
  41  3:44  SCV  
  41  3:48  SCV  
  43  3:56  Hellion, SCV  
  49  4:02  SCV  
  49  4:03  Hellion  
  49  4:05  Supply Depot  
  49  4:08  SCV  
  50  4:15  SCV  
  51  4:23  SCV, Hellion  
  54  4:24  Starport Tech Lab  
  54  4:27  SCV, Hellion  
  54  4:31  Barracks Reactor  
  57  4:32  Supply Depot, Command Center  
  57  4:35  SCV  
  58  4:38  Refinery x2  
  58  4:39  SCV  
  59  4:47  SCV  
  59  4:51  SCV  
  61  4:59  SCV  
  62  5:03  SCV  
  63  5:11  SCV  
  64  5:14  Factory  
  64  5:16  Armory x2, Factory  
  64  5:17  Factory x2  
  61  5:26  SCV x2  
  63  5:30  Hellion x2  
  67  5:39  SCV x2  
  67  5:42  Starport Tech Lab  
  69  5:44  Orbital Command  
  69  5:51  SCV  
  70  5:57  SCV  
  70  6:01  Infernal Pre-Igniter  
  70  6:03  Cyclone, Hellion x2  
  78  6:04  Factory Tech Lab  
  78  6:07  SCV  
  79  6:12  SCV  
  79  6:13  Orbital Command  
  80  6:22  SCV  
  80  6:24  SCV  
  82  6:28  Terran Vehicle Weapons Level 1, Terran Vehicle And Ship Armor Level 1  
  82  6:34  SCV  
  83  6:41  Supply Depot x2, SCV  
  83  6:43  Supply Depot, Refinery  
  83  6:44  SCV  
  83  6:46  Mag-Field Accelerator  
  85  6:49  Refinery  
  85  7:02  Cyclone, SCV x3  
  85  7:03  Cyclone, Hellion x2, Banshee  
  101  7:11  Siege Tank  
  101  7:14  Supply Depot, SCV x2  
  106  7:15  Supply Depot  
  106  7:16  Supply Depot  
  102  7:29  Hellion x2  
  106  7:34  Hellion  
  106  7:35  Cyclone, SCV, Siege Tank  
  106  7:36  Hellion  
  117  7:37  SCV  
  117  7:38  Supply Depot  
  117  7:39  Supply Depot, SCV  
  117  7:40  Supply Depot  
  117  7:43  Cyclone  
  122  7:50  Hellion  
  124  7:52  Command Center  
  124  7:54  Banshee  
  127  8:02  Engineering Bay, SCV x2  
  129  8:07  Cyclone, Siege Tank  
  129  8:16  Siege Tank  
  125  8:22  Hellion x2  
  129  8:30  Hellion  
  131  8:39  Cyclone  
  131  8:40  Cyclone  
  138  8:41  SCV  
  138  8:42  SCV x2  
  138  8:43  Terran Vehicle Weapons Level 2  
  138  8:48  Siege Tank  
  143  8:53  SCV  
  143  8:54  SCV x2  
  146  8:56  Banshee  
  146  8:57  Hyperflight Rotors  
  146  8:59  Terran Vehicle And Ship Armor Level 2  
  146  9:01  Refinery  
  149  9:05  SCV  
  149  9:06  SCV  
  149  9:07  SCV  
  149  9:08  Refinery  
  158  9:10  Hellion x4  
  158  9:12  Siege Tank x2  
  166  9:17  SCV  
  166  9:20  Factory x2  
  166  9:21  Planetary Fortress  
  166  9:24  Factory  
  167  9:38  Hellion x2  
  170  9:53  Cyclone  
  170  9:55  Cyclone, Hellion, Siege Tank  
  148  10:06  Hellion  
  146  10:10  Hellion  
  146  10:11  Hellion  
  144  10:15  Factory Tech Lab  
  144  10:16  Factory Tech Lab x2  
  144  10:24  Command Center x2  
  144  10:26  Cyclone  
  144  10:27  Hellion x3  
  144  10:28  Hellion  
  155  10:29  Command Center  
  155  10:32  Hellion  
  159  10:36  Hellion x4  
  159  10:40  SCV  
  159  10:41  SCV x2  
  168  10:48  Siege Tank  
  168  10:49  Siege Tank  
  167  11:00  Hellion x2  
  171  11:04  Terran Vehicle Weapons Level 3  
  171  11:14  Cloaking Field  
  171  11:16  Terran Vehicle And Ship Armor Level 3  
  171  11:36  Hellion, Banshee, Siege Tank x3  
  185  11:40  Thor, Siege Tank x2  
  185  11:42  Planetary Fortress  
  185  11:45  Refinery  
  185  11:56  Hellion x2  
  185  11:59  Hellion x5  
  174  12:08  Thor, Siege Tank x2  
  186  12:18  Hellion x2  
  186  12:21  Cyclone, Hellion  
  189  12:57  Hellion x5  
  189  12:58  Hellion x5  
  198  13:04  Banshee  
  196  13:18  Hellion  
  196  13:19  Hellion  
  191  13:38  Hellion x2  
  191  13:39  Orbital Command x2  
  199  13:41  Hellion x2  
  199  13:47  Hellion x2  
  199  14:09  Refinery  
  199  14:15  Command Center  
  199  14:20  Command Center  
  199  14:22  Command Center  
  198  14:26  Command Center  
  192  14:54  Banshee  
  192  14:57  Terran Ship Weapons Level 1  
  192  14:58  Starport  
  189  15:00  Starport  
  180  15:09  Thor x2  
  149  15:31  Thor x2  
  149  15:35  Planetary Fortress  
  140  15:41  Viking x2  
  135  15:43  Viking  
  135  15:46  Hellion x4  
  133  15:50  Thor x2  
  133  15:52  Thor  
  149  16:07  Hellion  
  149  16:08  Hellion x3  
  149  16:10  Viking  
  149  16:11  Viking  
  160  16:13  Viking  
  160  16:22  Thor  
  166  16:29  Hellion x6  
  155  16:33  Cyclone, Hellion x3  
  155  16:37  Thor x2  
  145  16:40  Viking  
  145  16:41  Viking  
  145  16:43  Viking  
  134  16:50  Hellion x2  
  134  16:57  Hellion x2  
  137  17:10  Viking  
  132  17:16  Barracks  
  132  17:21  Orbital Command  
  124  17:25  Hellion x2  
  113  17:35  Hellion  
  113  17:36  Thor x2, Hellion x2  
  107  17:59  Cyclone, Hellion x2  
  113  18:06  Orbital Command  
  113  18:13  Orbital Command  
  113  18:17  Orbital Command  
  113  18:21  SCV  
  113  18:25  Refinery  
  114  18:35  Hellion x5  
  114  18:37  Hellion  
  126  18:45  Siege Tank  
  102  19:04  Hellion x2  
  102  19:09  Hellion  
Tags
 
Add a new tag
Caveats
  • Supply blocks, unpowered buildings, or Contaminate may cause inaccurate times.
  • Supply counts are checked every 10 seconds.